 Dungeon Crawl Stone Soup version 0.31-a0-983-g7b6862f502 (webtiles) character file.

Game seed: 8370385539222585139

314 croobank the Ruffian (level 5, 0/42 HPs)
             Began as a Demigod Shapeshifter on Nov 2, 2023.
             Succumbed to Duvessa's poison
             ... on level 5 of the Dungeon.
             The game lasted 00:43:53 (3311 turns).

croobank the Ruffian (Demigod Shapeshifter)         Turns: 3311, Time: 00:43:54

Health: 0/42       AC:  5    Str: 15    XL:     5   Next: 98%
Magic:  17/17      EV: 16    Int: 16    God:
Gold:   132        SH:  0    Dex: 13    Spells: 3/5 levels left

rFire   . .          .
                       - Unarmed
rCold   . . .        (no shield)
rNeg    . . .        i - +0 ring mail
rPois   .            (helmet currently unavailable)
rElec   .            (cloak currently unavailable)
rCorr   .            (gloves currently unavailable)
SInv    .            (boots currently unavailable)
Will    .....        (no amulet)
Stlth   +            k - +5 ring of evasion
HPRegen 0.27/turn    n - ring of magical power
MPRegen 0.15/turn

%: no passive effects
@: lethally poisoned (0 -> -22), beast-form
A: beast (slay +1), high MP 1, forlorn, divine attributes
a: Begin Untransformation


You were on level 5 of the Dungeon.
You were a hulking beast.
You visited 1 branch of the dungeon, and saw 6 of its levels.

You collected 132 gold pieces.

Inventory:

Hand Weapons
 h - a +0 whip of flaming
 l - the +7 spear of Siel {heavy, rC+ Dex+2}
   (You found it on level 2 of the Dungeon)

   Dex+2:     It affects your dexterity (+2).
   rC+:       It protects you from cold.
 p - a +0 rapier
Armour
 a - a +0 animal skin
 e - a +0 pair of gloves
 i - a +0 ring mail (worn)
Jewellery
 k - a +5 ring of evasion (left hand)
 n - a ring of magical power (right hand)
Talismans
 c - a beast talisman
 d - a flux talisman
Wands
 b - a wand of charming (2)
Scrolls
 g - a scroll of blinking
 o - 3 scrolls of noise
Potions
 j - a potion of enlightenment
 m - 4 potions of attraction


   Skills:
 + Level 2.3 Fighting
 * Level 2.3 Armour
 + Level 3.0 Dodging
 + Level 3.5 Unarmed Combat
 + Level 0.6 Spellcasting
 + Level 0.9 Translocations
 + Level 3.4 Shapeshifting


You had 3 spell levels left.
You knew the following spells:

 Your Spells              Type           Power      Damage    Failure   Level
a - Blink                 Tloc           6%         N/A       43%         2

Your spell library contained the following spells:

 Spells                   Type           Power      Damage    Failure   Level
 Sting                    Tmut/Pois      0%         1d3       41%         1
 Lesser Beckoning         Tloc           6%         N/A       43%         2
 Momentum Strike          Conj/Tloc      4%         3d8       50%         2
 Poisonous Vapours        Pois/Air       0%         N/A       56%         2
 Tukima's Dance           Hex            0%         N/A       80%         3
 Passage of Golubria      Tloc           3%         N/A       97%         4
 Dimensional Bullseye     Hex/Tloc       1%         N/A       98%         4
 Iskenderun's Mystic Bla  Conj/Tloc      2%         2d3       98%         4
 Olgreb's Toxic Radiance  Pois           0%         N/A       99%         4
 Silence                  Hex/Air        0%         N/A       100%        5
 Lehudib's Crystal Spear  Conj/Erth      0%         10d2      100%        8


Dungeon Overview and Level Annotations

Branches:
Dungeon (6/15)             Temple (0/1) D:6

Shops:
D:3 =

Annotations:
D:5 Duvessa, Pikel


Innate Abilities, Weirdness & Mutations

You are a hulking beast.
Your limbs bulge with bestial killing power. (Slay +1)
You have an increased reservoir of magic. (+10% MP)
You shall have no god before yourself.
Your divine heritage dramatically boosts your attributes as you level up.


Message History

Duvessa hits your lemure with a +0 short sword of venom!
Reach: l) +7 spear of Siel {heavy, rC+ Dex+2}
Press: ? - help, Dir - move target, f - Duvessa, p - lemure
Aim: Duvessa, wielding a +0 short sword of venom and wearing a +0 leather armour (about 27% to evade the +7 spear of Siel)
You reach to attack!
You hit Duvessa.
Duvessa is lightly wounded.
Duvessa gestures with her weapon.
Duvessa barely misses your lemure.
Your lemure hits Duvessa but does no damage.
Duvessa hits your lemure but does no damage.
Your lemure is poisoned.
Reach: l) +7 spear of Siel {heavy, rC+ Dex+2}
Press: ? - help, Dir - move target, f/p - Duvessa
Aim: Duvessa, wielding a +0 short sword of venom and wearing a +0 leather armour (lightly wounded, ally target, about 27% to evade the +7 spear of Siel)
Okay, then.
Reach: l) +7 spear of Siel {heavy, rC+ Dex+2}
Press: ? - help, Dir - move target, f/p - Duvessa
Aim: Duvessa, wielding a +0 short sword of venom and wearing a +0 leather armour (lightly wounded, ally target, about 27% to evade the +7 spear of Siel)
You reach to attack!
You puncture Duvessa!
Duvessa is moderately wounded.
Your lemure hits Duvessa!
Duvessa hits your lemure with a +0 short sword of venom!
Your lemure dies!
You barely miss Duvessa.
Duvessa is heavily wounded.
Duvessa misses you.
You puncture Duvessa!
Duvessa is almost dead.
Duvessa hits you with a +0 short sword of venom!
You are poisoned.
Duvessa hits you with a +0 short sword of venom!
* * * LOW HITPOINT WARNING * * *
You are more poisoned.
Okay, then.
You are now empty-handed.
* * * LOW HITPOINT WARNING * * *
You feel very sick.
You hit Duvessa but do no damage.
Duvessa is almost dead.
You die...

#....?# #. #####...## #.
#.. ##.## #. #.# #.# #.
#.# #.###>###.#
#...†.....#
#.###.###.###+#
#..he...# ##...#
#.###.#.#.#.....##
#.#...#.#?..e....##
#####..>.##e#.5.......##
.....................§'.
#####.................##
####.######.......##
#....# ##.....## #.####
##...#


You could see Duvessa.

Vanquished Creatures
  A phantom (D:3)
  A bullfrog (D:6)
  A hound (D:5)
  An iguana (D:6)
  4 adders
  A white imp (D:6)
  4 dart slugs
  11 endoplasms
  A giant cockroach (D:1)
  6 goblins
  2 hobgoblins
  7 kobolds
  2 quokkas
  9 ball pythons
  4 bats
  4 frilled lizards
  7 rats
66 creatures vanquished.

Vanquished Creatures (others)
  A lemure (D:5)
  A scorpion (D:6)
2 creatures vanquished.

Grand Total: 68 creatures vanquished

Notes
Turn   | Place    | Note
-------+----------+-------------------------------------------
     0 | D:1      | croobank the Demigod Shapeshifter began the quest for the
                  | Orb.
     0 | D:1      | Reached XP level 1. HP: 15/15 MP: 3/3
    92 | D:1      | Reached skill level 1 in Fighting
   145 | D:1      | Reached XP level 2. HP: 20/23 MP: 4/4
  1257 | D:2      | Identified the +7 spear of Siel {heavy, rC+ Dex+2}
  1335 | D:2      | Reached XP level 3. HP: 28/28 MP: 5/5
  1870 | D:2      | Reached skill level 1 in Armour
  2183 | D:3      | Noticed a phantom
  2198 | D:3      | Killed a phantom
  2199 | D:3      | Reached XP level 4. HP: 27/36 MP: 6/6
  2293 | D:3      | Learned a level 2 spell: Blink
  2423 | D:3      | Found Afacag's Jewellery Emporium.
  2554 | D:3      | Reached XP level 5. HP: 39/41 MP: 7/7
  2748 | D:5      | Entered Level 5 of the Dungeon
  2764 | D:5      | Noticed Pikel
  2765 | D:5      | HP: 1/41 [iguana (11)]
  2771 | D:5      | Noticed Duvessa
  2969 | D:6      | Found a staircase to the Ecumenical Temple.
  3311 | D:5      | Succumbed to Duvessa's poison

Illustrated notes

Levels and vault maps discovered:
D:1:      sevenhm_arrival_forest_fort_large_2, layout_loops_corners,
          st_stairs_6, minmay_surrounded
D:2:      layout_loops_ring, hellmonk_ecumenical_altar_zigzags
D:3:      layout_rooms, mainiacjoe_overflow_divided_tiny, serial_shops, shop
D:4:      layout_cave_pools, serial_shops, shop,
          lightli_ossuary_entry_decrepit_ruins, nicolae_elevator_lobby_plus
D:5:      minmay_inner_zag, layout_loops_corners,
          grunt_temple_overflow_gold_and_silver, mainiacjoe_overflow_boulevard,
          grunt_ministairs_15, uniq_ijyb, uniq_duvessa, uniq_pikel
D:6:      layout_basic, fedhas_altar_decomposition, vehumet_statue,
          minmay_temple_entry_hall, lemuel_flamethrower_2

Skill      XL: |  1  2  3  4  5 |
---------------+----------------+-----
Fighting       | 1 2 |  2.3
Dodging        | 2 3 |  3.0
Unarmed Combat | 3 |  3.5
Shapeshifting  | 3 |  3.4
Armour         | 1 2 |  2.3
Spellcasting   | |  0.6
Translocations | |  0.9

Action                     |  1- 3 |  4- 6 || total
---------------------------+-------+-------++-------
  Melee: Unarmed           |   167 |    54 ||   221
         Punch             |     1 |     2 ||     3
         Spear             |       |    15 ||    15
  Evoke: Wand              |       |     1 ||     1
    Use: Scroll            |     6 |     9 ||    15
         Potion            |     1 |     1 ||     2
 Armour: Animal skin       |    35 |       ||    35
         Ring mail         |    27 |    33 ||    60
         Skin              |     4 |       ||     4
  Dodge: Dodged            |   100 |    49 ||   149

Table legend: (Time is in decaauts)
 A = Elapsed time spent in this place.
 B = Non-inter-level travel time spent in this place.
 C = Inter-level travel time spent in this place.
 D = Time resting spent in this place.
 E = Time spent auto-exploring this place.
 F = Levels seen in this place.
 G = Mean time per level.
                   A        B        C        D        E       F      G
               +--------+--------+--------+--------+--------+-----+--------+
         Total |   3305 |   3234 |     71 |    458 |   1938 |   6 |  550.8 |
       Dungeon |   3305 |   3234 |     71 |    458 |   1938 |   6 |  550.8 |
               +--------+--------+--------+--------+--------+-----+--------+

Top non-repeatable levels by time:
     D:1: 1183 daAuts
     D:2: 786 daAuts
     D:3: 678 daAuts
     D:6: 452 daAuts
     D:5: 117 daAuts
     D:4: 87 daAuts
